 Dungeon Crawl Stone Soup version 0.32-a0-520-g344ed53f66 (webtiles) character file.

Game seed: 14971426701193621842

95 promet the Caller (level 4, -1/34 HPs)
             Began as a Gnoll Wanderer on Feb 27, 2024.
             Slain by an adder (2 damage)
             ... on level 2 of the Dungeon.
             The game lasted 00:10:53 (3617 turns).

promet the Caller (Gnoll Wanderer)                  Turns: 3617, Time: 00:10:53

Health: -1/34      AC:  3    Str:  9    XL:     4   Next: 66%
Magic:  8/8        EV:  1    Int: 15    God:
Gold:   111        SH:  0    Dex: 12    Spells: 8/9 levels left

rFire   . . .        a - +0 dagger (venom)
rCold   . . .        (no shield)
rNeg    . . .        o - +0 leather armour
rPois   .            (no helmet)
rElec   .            (no cloak)
rCorr   .            (no gloves)
SInv    .            (no boots)
Will    .....        (no amulet)
Stlth   +            (no ring)
HPRegen 0.25/turn    (no ring)
MPRegen 0.11/turn

%: no passive effects
@: lethally poisoned (-1 -> -4), constricted
A: fangs 1, strong nose, distributed training
a: no special abilities


You were on level 2 of the Dungeon.
You visited 1 branch of the dungeon, and saw 3 of its levels.

You collected 111 gold pieces.

Inventory:

Hand Weapons
 a - a +0 dagger of venom (weapon)
 e - a +0 dagger
 j - a +0 war axe
 r - a +1 short sword
Missiles
 b - 13 poisoned darts (quivered)
 m - a throwing net
 p - 14 stones
Armour
 d - a +0 robe
 o - a +0 leather armour (worn)
Jewellery
 n - an amulet of faith
Scrolls
 c - a scroll of blinking
 g - a scroll of acquirement {unknown}
 i - 2 scrolls of fear {unknown}
Potions
 f - a potion of mutation
 h - a potion of curing
 k - 2 potions of ambrosia
 l - a potion of brilliance
 q - a potion of lignification {unknown}


   Skills:
 + Level 2.8 Fighting
 + Level 1.2 Short Blades
 + Level 1.2 Long Blades
 + Level 1.2 Axes
 + Level 1.2 Maces & Flails
 + Level 1.2 Polearms
 + Level 1.2 Staves
 + Level 1.2 Ranged Weapons
 + Level 4.7 Throwing
 + Level 2.8 Armour
 + Level 1.2 Dodging
 + Level 1.2 Stealth
 + Level 1.2 Shields
 + Level 1.2 Unarmed Combat
 + Level 3.0 Spellcasting
 + Level 1.0 Conjurations
 + Level 1.0 Hexes
 + Level 5.5 Summonings
 + Level 1.0 Necromancy
 + Level 1.0 Translocations
 + Level 1.0 Fire Magic
 + Level 1.0 Ice Magic
 + Level 1.0 Air Magic
 + Level 1.0 Earth Magic
 + Level 2.3 Alchemy
 + Level 1.4 Invocations
 + Level 2.8 Evocations
 + Level 1.1 Shapeshifting


You had 8 spell levels left.
You knew the following spells:

 Your Spells              Type           Power      Damage    Failure   Level
a - Summon Small Mammal   Summ           72%        N/A       2%          1

Your spell library contained the following spells:

 Spells                   Type           Power      Damage    Failure   Level
 Mercury Vapours          Alch/Air       14%        N/A       21%         2
 Cigotuvi's Dreadful Rot  Necr/Alch/Air  12%        N/A       22%         2
 Animate Armour           Summ/Erth      24%        N/A       56%         4
 Summon Blazeheart Golem  Fire/Summ      12%        N/A       56%         4


Dungeon Overview and Level Annotations

Branches:
Dungeon (3/15)

Altars:


Innate Abilities, Weirdness & Mutations

You have very sharp teeth.
Your uncanny sense of smell can sniff out nearby items.
Your experience applies equally to all skills.


Message History

You escape the ball python's grasp.
The adder bites you.
You climb upwards.
There is a stone staircase leading down here.
You closely miss the adder. The adder closely misses you.
The ball python bites you but does no damage.
The ball python grabs you. The ball python constricts you.
You closely miss the adder. The adder bites you but does no damage.
The ball python bites you but does no damage.
The ball python constricts you.
You barely miss the adder. The adder bites you. The ball python bites you.
The ball python constricts you. The adder bites you.
You are poisoned.
The adder poisons you!
You hit the adder but do no damage.
The adder is poisoned.
Your bite misses the adder.
You feel sick. The ball python bites you.
* * * LOW HITPOINT WARNING * * *
The ball python constricts you.
* * * LOW HITPOINT WARNING * * *
The adder bites you.
* * * LOW HITPOINT WARNING * * *
You feel better.
The ball python bites you but does no damage.
The ball python constricts you. The adder bites you but does no damage.
The ball python bites you. The ball python constricts you.
You hit the adder but do no damage.
The adder looks as sick as possible!
You bite the adder, but do no damage. The adder bites you but does no damage.
The ball python completely misses you. The ball python constricts you.
You miss the adder. You bite the adder, but do no damage.
The adder is heavily wounded.
The adder bites you.
* * * LOW HITPOINT WARNING * * *
You are poisoned.
The adder poisons you! The ball python bites you.
* * * LOW HITPOINT WARNING * * *
The ball python constricts you.
* * * LOW HITPOINT WARNING * * *
You barely miss the ball python.
* * * LOW HITPOINT WARNING * * *
You feel sick. The adder bites you.
You die...

.##...............#............#
.##.......#########..#.#######.#
..'.......# #.......<# #.#
###.......# #....#.÷.# #.#
........### #....#.#.# #.#
###################....#.#÷# #.#
#.........##...÷.....#..<#.# #.#
#.#..)###.##.#######.#.###.###.#
.........<......@S...#.#.......#
#.#...###..#####S.##.#.#.#.#####
#.#...# #..# #.......#.#.#
#.....# #..# #..##.#.#.#.#
#.##..###..#####.......#.#.#
##....#....#.......#.###.#.#
##.#.##.#..#.###...#.# #.#.#
##.#.##.##.#.[.....#.###.#.#
##.#.##.##.#.#.#.#.#...#.#.#


You could see an adder (extremely poisoned) and a ball python.

Vanquished Creatures
  4 adders (D:2)
  A dart slug (D:1)
  4 ball pythons
  9 endoplasms
  3 giant cockroaches (D:1)
  3 goblins
  6 hobgoblins
  5 jackals (D:1)
  4 kobolds
  5 bats
  4 frilled lizards
  4 rats
52 creatures vanquished.

Notes
Turn   | Place    | Note
-------+----------+-------------------------------------------
     0 | D:1      | promet the Gnoll Wanderer began the quest for the Orb.
     0 | D:1      | promet set off with the following items: a +0 dagger, 13
                  | poisoned darts, a scroll of blinking, a +0 robe; and the
                  | following spell memorised: Summon Small Mammal; and the
                  | following spells available to memorise: Mercury Vapours,
                  | Cigotuvi's Dreadful Rot, Animate Armour, Summon Blazeheart
                  | Golem.
     0 | D:1      | Reached XP level 1. HP: 17/17 MP: 4/4
   178 | D:1      | Reached XP level 2. HP: 21/23 MP: 5/5
  1121 | D:1      | Reached XP level 3. HP: 20/28 MP: 7/7
  1800 | D:1      | Reached skill level 1 in Invocations
  2227 | D:2      | Reached skill level 1 in Short Blades
  2227 | D:2      | Reached skill level 1 in Long Blades
  2227 | D:2      | Reached skill level 1 in Axes
  2227 | D:2      | Reached skill level 1 in Maces & Flails
  2227 | D:2      | Reached skill level 1 in Polearms
  2227 | D:2      | Reached skill level 1 in Staves
  2227 | D:2      | Reached skill level 1 in Ranged Weapons
  2227 | D:2      | Reached skill level 1 in Dodging
  2227 | D:2      | Reached skill level 1 in Stealth
  2227 | D:2      | Reached skill level 1 in Shields
  2227 | D:2      | Reached skill level 1 in Unarmed Combat
  2364 | D:2      | Reached skill level 1 in Shapeshifting
  2364 | D:2      | Reached XP level 4. HP: 29/34 MP: 8/8
  3212 | D:2      | Reached skill level 1 in Conjurations
  3212 | D:2      | Reached skill level 1 in Hexes
  3212 | D:2      | Reached skill level 1 in Necromancy
  3212 | D:2      | Reached skill level 1 in Translocations
  3212 | D:2      | Reached skill level 1 in Fire Magic
  3212 | D:2      | Reached skill level 1 in Ice Magic
  3212 | D:2      | Reached skill level 1 in Air Magic
  3212 | D:2      | Reached skill level 1 in Earth Magic
  3617 | D:2      | HP: 1/34 [poisoned by an adder]
  3617 | D:2      | Slain by an adder

Illustrated notes

Levels and vault maps discovered:
D:1:      dpeg_arrival_renting, layout_loops_corners
D:2:      layout_basic, bh_walls_and_bars
D:3:      layout_basic, nicolae_overflow_hidden_temple, serial_shops,
          shop_coins, uniq_grinder

Skill      XL: |  1  2  3  4 |
---------------+-------------+-----
Alchemy        | 2 |  2.3
Invocations    | 1 |  1.4
Short Blades   | 1 |  1.2
Long Blades    | 1 |  1.2
Axes           | 1 |  1.2
Maces & Flails | 1 |  1.2
Polearms       | 1 |  1.2
Staves         | 1 |  1.2
Ranged Weapons | 1 |  1.2
Dodging        | 1 |  1.2
Stealth        | 1 |  1.2
Shields        | 1 |  1.2
Unarmed Combat | 1 |  1.2
Shapeshifting  | 1 |  1.1
Spellcasting   | 3 |  3.0
Conjurations   | 1 |  1.0
Hexes          | 1 |  1.0
Necromancy     | 1 |  1.0
Translocations | 1 |  1.0
Fire Magic     | 1 |  1.0
Ice Magic      | 1 |  1.0
Air Magic      | 1 |  1.0
Earth Magic    | 1 |  1.0
Fighting       | |  2.8
Throwing       | |  4.7
Armour         | |  2.8
Summonings     | |  5.5
Evocations     | |  2.8

Action                     |  1- 3 |  4- 6 || total
---------------------------+-------+-------++-------
  Melee: Short sword       |   150 |    32 ||   182
         Dagger            |     9 |    27 ||    36
         Bite              |    14 |     5 ||    19
  Throw: Dart              |     1 |     8 ||     9
    Use: Scroll            |     4 |     1 ||     5
         Potion            |       |     1 ||     1
   Stab: Sleeping          |     1 |     1 ||     2
         Distracted        |     1 |       ||     1
 Armour: Robe              |    64 |     7 ||    71
         Leather armour    |       |    55 ||    55
  Dodge: Dodged            |    79 |    38 ||   117

Table legend: (Time is in decaauts)
 A = Elapsed time spent in this place.
 B = Non-inter-level travel time spent in this place.
 C = Inter-level travel time spent in this place.
 D = Time resting spent in this place.
 E = Time spent auto-exploring this place.
 F = Levels seen in this place.
 G = Mean time per level.
                   A        B        C        D        E       F      G
               +--------+--------+--------+--------+--------+-----+--------+
         Total |   3605 |   3550 |     55 |   1411 |    794 |   3 | 1201.7 |
       Dungeon |   3605 |   3550 |     55 |   1411 |    794 |   3 | 1201.7 |
               +--------+--------+--------+--------+--------+-----+--------+

Top non-repeatable levels by time:
     D:1: 2213 daAuts
     D:2: 1380 daAuts
     D:3: 11 daAuts
